 Dungeon Crawl Stone Soup version 0.25-a0-310-g60f0ac2 (webtiles) character file.

Game seed: 11290893553975677708, levelgen mode: deterministic

46 Blackhawk the Skirmisher (level 3, 0/30 HPs)
             Began as a Formicid Abyssal Knight on Dec 23, 2019.
             Was a Follower of Lugonu.
             Slain by Robin
             ... wielding a +0 whip of distortion
              (5 damage)
             ... on level 1 of the Dungeon.
             The game lasted 00:01:41 (1150 turns).

Blackhawk the Skirmisher (Formicid Abyssal Knight)  Turns: 1150, Time: 00:01:41

Health: 0/30       AC: 11    Str: 17    XL:     3   Next: 92%
Magic:  5/5        EV:  5    Int: 11    God:    Lugonu [*.....]
Gold:   42         SH:  5    Dex: 10    Spells: 2/2 levels left

rFire    . . .     SeeInvis +   a - +1 hand axe
rCold    . . .     Gourm    .   (no shield)
rNeg     . . .     Faith    .   g - +0 plate armour
rPois    .         Spirit   .   (helmet unavailable)
rElec    .         Reflect  +   (no cloak)
rCorr    .         Harm     .   (no gloves)
MR       .....                  (no boots)
Stlth    ..........             d - +5 amulet of reflection
HPRegen  0.10/turn              (no ring)
MPRegen  0.09/turn              (no ring)

@: no status effects
A: permanent stasis, dig shafts and tunnels, four strong arms, antennae 3
a: Dig, Shaft Self, Depart the Abyss, Renounce Religion


You were on level 1 of the Dungeon.
You worshipped Lugonu.
Lugonu was aware of your devotion.
You were not hungry.

You visited 1 branch of the dungeon, and saw 2 of its levels.
You visited the Abyss 1 time.

You collected 42 gold pieces.

Inventory:

Hand Weapons
 a - a +1 hand axe (weapon)
Armour
 b - a +0 leather armour
 g - a +0 plate armour (worn)
Jewellery
 d - a +5 amulet of reflection (around neck)
Scrolls
 e - 2 scrolls of amnesia {unknown}
 h - a scroll of teleportation {unknown}
 i - a scroll of identify {unknown}
Comestibles
 c - 2 rations
 f - 5 chunks of flesh


   Skills:
 + Level 3.7 Fighting
 + Level 2.4 Axes
 + Level 2.7 Armour
 + Level 1.5 Dodging
 + Level 2.8 Invocations


You had 2 spell levels left.
You didn't know any spells.
Your spell library was empty.

Dungeon Overview and Level Annotations

Branches:
Dungeon (2/15)

Altars:

Annotations:
D:1 Robin


Innate Abilities, Weirdness & Mutations

You cannot be hasted, slowed, berserked, paralysed or teleported.
You can dig through walls and to a lower floor.
Your four strong arms can wield two-handed weapons with a shield.
You have a pair of large antennae on your head. (SInv)


Message History

You are too injured to fight recklessly!
You are too injured to fight recklessly!
You hit Robin.
Robin is heavily wounded.
You block Robin's attack.
Some of the chunks of flesh in your inventory have rotted away.
You hit Robin.
Robin is heavily wounded.
Robin hits you with a +0 whip of distortion.
* * * LOW HITPOINT WARNING * * *
You feel a strange sense of stasis.
You hit Robin.
Robin is severely wounded.
Robin barely misses you. Robin hits you but does no damage.
You feel a strange sense of stasis.
You aren't carrying any potions.
You hit Robin.
Robin is almost dead.
Robin hits you but does no damage. Space bends around you.
You die...

##>..######...# #.#.# #......#.#
###.## ###.# #.#.###......##. #
#.# #.# #.#...##.....##. #.# #.#
#.###.##.....##.
###.#########.####......).....###
..#.#.....รท......#####.######.###
#.#.#.#######.##.# #.# #..##
#.#.#.# #.##)# #.# #..##
#.#.#.#######.##@# #.# ##.##
#.#........#...#g#####.# ####
#.###.####...#.........# #
#.###.######...#.####### #
.........####.##.# #
#..[#............# ##
###.####.####.##################.
#.# #.# #.#(...............##. #.#
#.# ##.########.##.##.###.


You could see Robin.

Vanquished Creatures
  A dart slug (D:1)
  A leopard gecko (D:1)
  5 bats (D:1)
  2 giant cockroaches (D:1)
  10 goblins (D:1)
  5 hobgoblins (D:1)
  5 jackals (D:1)
  2 kobolds (D:1)
  A ball python (D:1)
  A frilled lizard (D:1)
  4 rats (D:1)
37 creatures vanquished.

Notes
Turn   | Place    | Note
-------+----------+-------------------------------------------
     0 | Abyss:1  | Blackhawk the Formicid Abyssal Knight began the quest for
                  | the Orb.
     0 | Abyss:1  | Reached XP level 1. HP: 18/18 MP: 2/2
    46 | Abyss:1  | Noticed an unseen horror
    47 | D:1      | Escaped the Abyss
    91 | D:1      | Reached skill level 1 in Dodging
   207 | D:1      | Reached XP level 2. HP: 20/24 MP: 3/3
   276 | D:1      | Reached * piety under Lugonu
   338 | D:1      | Reached XP level 3. HP: 29/29 MP: 4/4
   908 | D:2      | Noticed Robin
  1150 | D:1      | Slain by Robin

Levels and vault maps discovered:
D:1:      dpeg_arrival_subterranean_lakeside_camping, layout_loops_ring
D:2:      layout_loops_ring, bloody_makhleb, uniq_crazy_yiuf_cottage, uniq_robin

Skill      XL: |  1 |
---------------+----+-----
Dodging        | 1 |  1.5
Fighting       | |  3.7
Axes           | |  2.4
Armour         | |  2.7
Invocations    | |  2.8

Action                   || total
-------------------------++-------
Melee: Hand axe          ||   125
Invok: Depart the Abyss  ||     1
  Eat: Chunk             ||     1
Armor: Leather armour    ||    10
       Plate armour      ||    60
Dodge: Dodged            ||    47
Block: Other             ||    29

Table legend:
 A = Non-vault XP
 B = Vault XP
 C = Vault XP percentage of total XP
 D = Non-vault monster count
 E = Vault monster count
 F = Vault count percentage of total count
                 A         B        C        D         E       F
            +---------+---------+-------+---------+---------+-------
      Total |      45 |      21 |  31.8 |      24 |      13 |  35.1
            +---------+---------+-------+---------+---------+-------
        D:1 |      45 |      21 |  31.8 |      24 |      13 |  35.1
            +---------+---------+-------+---------+---------+-------
